 Dungeon Crawl Stone Soup version 0.28.0 (webtiles) character file.

Game seed: 6339285810968743318

92 SnakkuSnakku7 the Ducker (level 4, 0/33 HPs)
             Began as a Djinni Gladiator on Feb 10, 2022.
             Slain by a bat (1 damage)
             ... in a sewer.
             The game lasted 00:03:58 (2429 turns).

SnakkuSnakku7 the Ducker (Djinni Gladiator)         Turns: 2429, Time: 00:03:59

Health: 0/33       AC:  4    Str: 13    XL:     4   Next: 90%
Gold:   72         EV: 12    Int: 12    God:
                   SH:  5    Dex: 14

rFire   + + .      SeeInvis .   a - +1 dagger (flame)
rCold   x . .      Faith    .   h - +2 buckler
rNeg    . . .      Spirit   .   b - +0 leather armour
rPois   ∞          Reflect  .   c - +0 helmet
rElec   .          Harm     .   (no cloak)
rCorr   .          Rampage  .   (no gloves)
Will    .....                   (boots unavailable)
Stlth   +.........              (no amulet)
HPRegen 0.11/turn               (no ring)
MPRegen 0.00/turn               (no ring)

@: flying
A: sickness immunity, fire resistance 2, cold vulnerability 1, float, innate
caster, HP casting, extra vitality 1, MP-powered wands
a: no special abilities


You were in a sewer.
You visited 1 branch of the dungeon, and saw 3 of its levels.
You also visited: Sewer.

You collected 72 gold pieces.

Inventory:

Hand Weapons
 a - a +1 dagger of flaming (weapon)
 i - a +0 short sword
Missiles
 d - 3 throwing nets
 e - 13 stones
 g - 9 bolts
Armour
 b - a +0 leather armour (worn)
 c - a +0 helmet (worn)
 h - a +2 buckler (worn)
Scrolls
 j - 2 scrolls of noise {unknown}
 k - a scroll of torment {unknown}
 m - a scroll of teleportation {unknown}
Potions
 l - a potion of magic {unknown}


   Skills:
 - Level 2.0 Fighting
 - Level 2.6 Staves
 - Level 1.5 Throwing
 - Level 3.2 Dodging
 + Level 3.0 Spellcasting


You had 8 spell levels left.
You knew the following spells:

 Your Spells              Type           Power      Damage    Failure   Level
a - Sandblast             Erth           18%        2d7       13%         1
Your spell library was empty.

Dungeon Overview and Level Annotations

Branches:
Dungeon (3/15)              Sewer (1/1)

Altars:


Innate Abilities, Weirdness & Mutations

You are immune to sickness and miasma.
You are immune to poison.
Your flesh is very heat resistant. (rF++)
You are vulnerable to cold. (rC-)
You float through the air rather than walking.
You learn spells naturally, not from books.
Your magical power is your life essence.
You have superior vitality. (+4 MHP)
You expend health (3 HP) to strengthen your wands.


Message History

Aim: a jackal (almost dead, 72% to hit)
The blast of sand hits the adder!
You kill the adder!
* * * LOW HITPOINT WARNING * * *
You block the bat's attack. The frilled lizard closely misses you.
The quokka twitches its whiskers.
Your Spellcasting skill increases to level 3!
Unknown command.
A bat comes into view.
The bat hits you but does no damage. The frilled lizard barely misses you.
The bat barely misses you. The bat completely misses you. The bat hits you.
* * * LOW HITPOINT WARNING * * *
The bat hits you but does no damage.
The giant cockroach waves its antennae.
The giant cockroach bites you but does no damage.
You block the bat's attack. The bat hits you.
* * * LOW HITPOINT WARNING * * *
The bat barely misses you. The bat closely misses you. The bat misses you.
The bat hits you but does no damage. The bat completely misses you.
A bat comes into view.
You block the bat's attack. The bat closely misses you.
The bat hits you but does no damage. The bat misses you.
Aiming: Sandblast (safe; 13% risk of failure)
Press: ? - help, Q - select action, (/) - cycle Shift-Dir - straight line, f - frilled lizard, p - jackal
Aim: a frilled lizard (63% to hit)
The blast of sand hits the frilled lizard!
You kill the frilled lizard!
* * * LOW HITPOINT WARNING * * *
The bat misses you. The bat hits you.
* * * LOW HITPOINT WARNING * * *
The bat hits you but does no damage.
Unknown command.
You block the bat's attack. The bat barely misses you.
It was a potion of mutation.
You feel extremely strange.
You feel your magical essence link to the dungeon's wands.
You feel agile.
You feel clumsy. The bat hits you.
You die...

##.≈≈# #≈≈≈#
#######≈≈≈#
≈≈≈≈≈≈≈≈≈≈#
≈≈≈≈≈≈≈.≈≈#
.≈≈≈≈≈≈h≈B#
#######r≈≈# #
####B≈†#####≈≈≈#
≈≈≈≈≈≈≈≈b@..≈≈.≈.
≈≈≈≈≈≈≈≈b≈≈b≈≈≈≈≈
≈≈≈≈≈≈≈≈≈≈≈≈≈≈≈≈≈
#################


You could see a quokka, a jackal, a giant cockroach and 3 bats.

Vanquished Creatures
  4 adders
  An ufetubus (D:3)
  A worm (D:3)
  A dart slug (D:1)
  5 ball pythons
  4 endoplasms
  5 giant cockroaches (D:3)
  2 goblins (D:1)
  2 hobgoblins (D:1)
  2 jackals (D:1)
  4 kobolds
  6 quokkas
  2 frilled lizards
  3 rats
42 creatures vanquished.

Notes
Turn   | Place    | Note
-------+----------+-------------------------------------------
     0 | D:1      | SnakkuSnakku7 the Djinni Gladiator began the quest for the
                  | Orb.
     0 | D:1      | Reached XP level 1. HP: 18/18 MP: 0/0
   200 | D:1      | Reached skill level 1 in Spellcasting
   200 | D:1      | Reached XP level 2. HP: 23/23 MP: 0/0
   570 | D:1      | Found a faded altar of an unknown god.
   752 | D:2      | Reached XP level 3. HP: 28/28 MP: 0/0
   752 | D:2      | Learned a level 1 spell: Sandblast
   974 | D:2      | HP: 1/28 [adder (4)]
  1986 | D:3      | Reached XP level 4. HP: 33/33 MP: 0/0
  2380 | D:3      | Found a glowing drain.
  2384 | Sewer    | Entered a sewer
  2427 | Sewer    | HP: 1/33 [bat (1)]
  2429 | Sewer    | Gained mutation: You expend health (3 HP) to strengthen
                  | your wands. [potion of mutation]
  2429 | Sewer    | Gained mutation: You are agile. (Dex +2) [potion of
                  | mutation]
  2429 | Sewer    | Lost mutation: You are agile. (Dex +2) [potion of mutation]
  2429 | Sewer    | Slain by a bat

Illustrated notes

Levels and vault maps discovered:
D:1:      ebering_trefoil_3fold, layout_loops_cross,
          shapermc_ecumenical_altar_starsandcircs
D:2:      layout_loops_ring
D:3:      layout_basic, gup_sewer_entry_spiral, minmay_close_crescents
Sewer:    sewer_fruit_machine

Skill      XL: |  1  2  3  4 |
---------------+-------------+-----
Spellcasting   | 1 2 3 |  3.0
Fighting       | |  2.0
Staves         | |  2.6
Throwing       | |  1.5
Dodging        | |  3.2

Action                   |  1- 3 |  4- 6 || total
-------------------------+-------+-------++-------
Melee: Quarterstaff      |    43 |       ||    43
       Short sword       |    35 |       ||    35
       Dagger            |    20 |    76 ||    96
       Unarmed           |     1 |       ||     1
 Cast: Sandblast         |     1 |    14 ||    15
  Use: Potion            |     2 |     1 ||     3
 Stab: Sleeping          |     3 |       ||     3
Armor: Leather armour    |    24 |    31 ||    55
       Skin              |     1 |       ||     1
Dodge: Dodged            |    50 |    61 ||   111
Block: Buckler           |    20 |    29 ||    49
